 Dungeon Crawl Stone Soup version 0.20-a0-647-gf178af5 (webtiles) character file.

192512 HarryHood the Warrior (level 17, 0/166 HPs)
             Began as a Minotaur Berserker on Feb 14, 2017.
             Was a High Priest of Trog.
             Killed from afar by an electric eel (1 damage)
             ... with a bolt of electricity
             ... on level 4 of the Spider Nest on Feb 16, 2017.
             The game lasted 02:22:18 (30140 turns).

HarryHood the Warrior (Minotaur Berserker)         Turns: 30140, Time: 02:22:19

Health: 0/166      AC: 31    Str: 25 (26) XL:     17   Next: 61%
Magic:  2/25       EV: 21    Int:  7      God:    Trog [*****.]
Gold:   1618       SH:  0    Dex: 19      Spells: 16/16 levels left

rFire    + + +     SeeInvis .   a - +5 dire flail "Oviudil" {freeze, rPois rF+ Stlth+}
rCold    . . .     Gourm    .   y - +6 chain mail "Doedox" {rF++}
rNeg     + . .     Faith    .   (shield currently unavailable)
rPois    +         Spirit   .   D - +1 hat "Ralaank" {rF- MP+9 Int+3 Dex+4}
rElec    .         Reflect  .   C - +2 cloak
rCorr    .         Harm     .   U - +1 pair of gloves
MR       +++..                  h - +2 pair of boots
Stlth    ..........             O - amulet of regeneration
Regen    1.8/turn               P - ring of protection from fire
MPRegen  0.2/turn               F - ring of positive energy

@: regenerating
A: retaliatory headbutt, horns 2, agile 1, mutation resistance 1
}: 1/15 runes: decaying
a: Berserk, Trog's Hand, Brothers in Arms, Burn Spellbooks, Renounce Religion


You were on level 4 of the Spider Nest.
You worshipped Trog.
Trog was extremely pleased with you.
You were very hungry.

You visited 7 branches of the dungeon, and saw 33 of its levels.

You collected 2883 gold pieces.
You spent 1265 gold pieces at shops.

Inventory:

Hand Weapons
 a - the +5 dire flail "Oviudil" (weapon) {freeze, rPois rF+ Stlth+}
   (Trog gifted it to you on level 2 of the Orcish Mines)

   It has been specially enchanted to freeze those struck by it, causing extra
   injury to most foes and up to half again as much damage against particularly
   susceptible opponents.
   It can also slow down cold-blooded creatures.
   It protects you from fire.
   It protects you from poison.
   It makes you more stealthy.
 E - a +5 eveningstar of flaming
Missiles
 d - 31 tomahawks (quivered)
 Z - 2 poisoned tomahawks
Armour
 h - a +2 pair of boots (worn)
 y - the +6 chain mail "Doedox" (worn) {rF++}
   (You found it on level 9 of the Dungeon)

   It greatly protects you from fire.
 C - a +2 cloak (worn)
 D - the +1 hat "Ralaank" (worn) {rF- MP+9 Int+3 Dex+4}
   (You found it on level 9 of the Dungeon)

   It affects your intelligence (+3).
   It affects your dexterity (+4).
   It makes you vulnerable to fire.
   It affects your magic capacity (+9).
 H - the +5 chain mail of the Burgomaster {rC+ Str+3}
   (You found it on level 3 of the Swamp)

   It affects your strength (+3).
   It protects you from cold.
 U - a +1 pair of gloves (worn)
Jewellery
 k - an uncursed amulet of the gourmand
 p - a +4 ring of slaying
 u - an uncursed ring of stealth
 F - a ring of positive energy (left hand)
 J - an uncursed ring of magical power
 K - an uncursed ring of poison resistance
 O - an amulet of regeneration (around neck)
 P - a ring of protection from fire (right hand)
 Q - an uncursed ring of flight
 T - an uncursed ring of fire {unknown}
 Y - an uncursed ring of ice
Wands
 w - a wand of digging (14/24)
Scrolls
 b - a scroll of enchant weapon
 e - 6 scrolls of recharging
 g - a scroll of holy word
 q - 2 scrolls of magic mapping
 r - 2 scrolls of identify {@r1}
 v - 3 scrolls of fear
 z - 9 scrolls of remove curse {@r2}
 G - 12 scrolls of teleportation {@r0}
 L - 3 scrolls of blinking {@r7}
 R - a scroll of silence
 V - a scroll of acquirement
Potions
 j - 6 potions of lignification {!q}
 l - 7 potions of curing {@q2}
 m - 4 potions of agility
 n - 5 potions of mutation {!q}
 x - 5 potions of flight
 A - 3 potions of brilliance
 B - 4 potions of cancellation
 I - 2 potions of haste
 M - 2 potions of berserk rage
 N - a potion of might
 S - a potion of magic
 X - a potion of ambrosia
Comestibles
 c - 18 bread rations {@e1}
 i - 19 fruits {@e2}
 o - 18 royal jellies {=g@e3}
 s - 11 meat rations {@e1}


   Skills:
 * Level 18.9 Fighting
 - Level 15.0 Maces & Flails
 + Level 11.8 Throwing
 - Level 17.0 Armour
 - Level 17.0 Dodging
   Level 4.3 Shields


You had 16 spell levels left.
You didn't know any spells.

Dungeon Overview and Level Annotations

Branches:
Dungeon (15/15)            Temple (1/1) D:5            Lair (6/6) D:10
  Swamp (4/4) Lair:3       Spider (4/4) Lair:4        Slime (0/5) Lair:6
    Orc (2/2) D:9             Elf (1/3) Orc:2        Vaults (0/5) D:13
 Depths (0/5) D:15

Altars:
Ashenzari
Cheibriados
Dithmenos
Elyvilon
Fedhas
Gozag
Hepliaklqana
Kikubaaqudgha
Makhleb
Nemelex Xobeh
Okawaru
Qazlal
Ru
Sif Muna
Trog
Uskayaw
Vehumet
Xom
Yredelemnul
Zin
The Shining One
Beogh
Jiyva

Shops:
D:5 ?   D:14 *   D:15 :   Orc:2 =[?[

Annotations:
D:15 exclusion: 2 obsidian statues
Lair:2 exclusion: oklob plant
Lair:3 exclusion: 2 oklob plants


Innate Abilities, Weirdness & Mutations

You reflexively headbutt those who attack you in melee.
You have a pair of horns on your head.
You are agile. (Dex +2)
You are somewhat resistant to further mutation.


Message History

You are feeling very hungry.
The emperor scorpion stings your troll!!!
The emperor scorpion claws your troll!! The emperor scorpion claws your troll.
The emperor scorpion misses your troll. The emperor scorpion claws your troll!
Your troll dies!
Your troll's corpse disappears in a puff of smoke!
You enter the shallow water.
Moving in this stuff is going to be slow.
The electric eel shoots out a bolt of lightning at you!
The bolt of electricity hits you!
* * * LOW HITPOINT WARNING * * *
The electric eel shoots out a bolt of lightning at you!
The bolt of electricity misses you. The emperor scorpion stings you!!
* * * LOW HITPOINT WARNING * * *
The emperor scorpion completely misses you.
The emperor scorpion claws you but does no damage.
The electric eel shoots out a bolt of lightning at you!
The bolt of electricity hits you!
You die...

^.≈###.≈≈##≈^...≈≈#
....##.≈≈^##.....##
≈...###...###≈≈...#
#≈..≈.##### ###≈.≈#
###..≈######**##≈.#
##†.≈##...,* ##.##
###.†##...,####≈.#
##≈≈.≈##..y##.s≈..##
##.....#*,,#yy.≈@...#
#≈...≈##*,,#'..##..≈#
.....≈#*#...#####...#
..≈...≈##...,**≈..###
^.##..≈##...,**≈..#
#≈##≈.≈##+##****.;#
##≈≈..##*,* ***...#
**....# *,***≈≈,,##
*≈...#******≈,,,,*


You could see an emperor scorpion (berserk), 3 hornets and an electric eel.

Vanquished Creatures
  the Lernaean hydra (Swamp:4)
  The ghost of FoghornLeghorn the Unseen, an adept NaBe of Trog (Spider:3)
  2 thorn hunters
  Agnes (Spider:1)
  2 ghost moths
  The ghost of MoronicCinamun the Fencer, a journeyman MiMo of Fedhas (Lair:6)
  An orc warlord (Orc:1)
  4 emperor scorpions
  2 entropy weavers (Spider:3)
  3 spark wasps (Spider:4)
  An ettin (Orc:1)
  A fire dragon (Lair:6)
  Josephine (Spider:1)
  A yaktaur captain (D:15)
  The ghost of Zdeegee the Blocker, a journeyman MiFi of Qazlal (Orc:2)
  Fannar (Orc:1)
  6 ghost crabs
  A catoblepas (Lair:6)
  Erica (Orc:1)
  18 hydras
  8 alligators
  3 centaur warriors
  2 dancing weapons (D:13)
  A queen ant (Spider:3)
  3 two-headed ogres
  2 tengu warriors
  An ogre mage (D:15)
  6 orc high priests (Orc:2)
  Nergalle (Lair:4)
  A fire crab (shapeshifter) (D:13)
  A skeletal warrior (D:14)
  3 unseen horrors
  3 spriggan druids
  4 shambling mangroves
  12 swamp dragons
  2 orc knights (Orc:2)
  2 wolf spider zombies (D:14)
  19 wolf spiders
  6 orb spiders
  2 ugly things (D:11)
  3 orc sorcerers
  3 cyclopes
  6 deep elf magi
  2 manticores
  8 elephants
  10 black mambas
  3 torpor snails
  A guardian serpent (Lair:6)
  14 spiny frogs
  A gargoyle (D:12)
  3 kobold demonologists (D:14)
  5 rime drakes
  4 efreet
  10 komodo dragons
  A demonic crawler (Spider:4)
  A yaktaur (D:15)
  18 jumping spiders
  3 meliai (D:13)
  A harpy zombie (D:15)
  9 trolls
  3 polar bears
  6 tyrant leeches
  17 hornets
  10 blink frogs
  8 bog bodies
  8 slime creatures
  8 hippogriffs
  62 redbacks
  A shadow (D:13)
  Sigmund (D:2)
  8 spriggans
  5 wraiths
  14 wyverns
  21 tarantellas
  6 basilisks
  3 hogs (D:9)
  31 yaks
  A steam dragon (Lair:6)
  5 hungry ghosts
  11 vampire mosquitoes
  A human (D:9)
  Menkaure (D:4)
  13 wargs
  13 swamp worms
  7 soldier ants
  6 acid dragons
  14 water moccasins
  10 porcupines
  Duvessa (D:5)
  12 swamp drakes
  4 ice beasts
  8 sky beasts
  A black bear (D:11)
  An eye of draining (D:13)
  27 orc warriors
  3 phantoms
  An eye of draining (shapeshifter) (D:13)
  11 ogres
  10 wolves
  12 centaurs
  9 big kobolds
  11 crocodiles
  23 bullfrogs
  2 gnoll sergeants (D:9)
  A wyvern zombie (D:14)
  Dowan (D:5)
  2 scorpions
  5 killer bees
  4 spriggan skeletons (D:11)
  12 electric eels
  4 howler monkeys
  7 crimson imps
  A bullfrog zombie (D:7)
  2 quasits
  3 centaur zombies
  10 hounds
  3 centaur skeletons
  3 jellies
  31 orc priests
  28 orc wizards
  2 bullfrog skeletons
  An iron imp (D:9)
  Terence (D:3)
  6 iguanas
  6 hell rats
  24 worker ants
  2 hound zombies
  A worker ant zombie (D:6)
  A howler monkey zombie (D:6)
  Robin (D:2)
  6 gnolls
  A howler monkey skeleton (D:11)
  10 adders
  22 river rats
  4 shadow imps
  A white imp (D:9)
  An adder skeleton (D:7)
  2 adder zombies
  8 worms
  4 dart slugs
  4 leopard geckos
  118 orcs
  15 giant cockroaches
  12 goblins
  5 hobgoblins
  5 jackals
  29 kobolds
  14 quokkas
  A ball python (D:3)
  7 bats
  7 frilled lizards
  A leopard gecko skeleton (D:6)
  27 rats
  A briar patch (Swamp:3)
1135 creatures vanquished.

Vanquished Creatures (collateral kills)
  A thorn hunter (Swamp:3)
  A ghost moth (Spider:4)
  An emperor scorpion (Spider:4)
  2 hydras (Swamp:4)
  An orc high priest (Orc:2)
  2 swamp dragons (Swamp:4)
  A wolf spider (Spider:3)
  6 orb spiders
  A demonic crawler (Spider:1)
  A jumping spider (Spider:4)
  5 redbacks
  A swamp drake (Swamp:4)
  An electric eel (Spider:4)
  8 orc priests (Orc:2)
  2 orcs (Orc:2)
34 creatures vanquished.

Vanquished Creatures (others)
  2 spriggans
  An orb spider (Spider:1)
  2 hornets
  A swamp drake (Swamp:3)
  A jelly (D:15)
  2 orcs (Orc:2)
  3 jackals (D:9)
  3 briar patches
  8 fungi
  8 plants
31 creatures vanquished.

Grand Total: 1200 creatures vanquished

Notes
Turn   | Place    | Note
-------+----------+-------------------------------------------
     0 | D:1      | HarryHood the Minotaur Berserker began the quest for the Orb.
     0 | D:1      | Reached XP level 1. HP: 19/19 MP: 0/0
   198 | D:1      | Reached skill level 4 in Fighting
   324 | D:1      | Reached XP level 2. HP: 27/27 MP: 1/1
   696 | D:2      | Reached skill level 5 in Fighting
   711 | D:2      | Reached XP level 3. HP: 35/36 MP: 2/2
   976 | D:2      | Noticed Robin
   992 | D:2      | Killed Robin
   992 | D:2      | Reached XP level 4. HP: 27/44 MP: 3/3
   993 | D:2      | Reached skill level 6 in Fighting
  1281 | D:2      | Reached skill level 4 in Maces & Flails
  1312 | D:2      | Reached ** piety under Trog
  1321 | D:2      | Noticed Sigmund
  1331 | D:2      | Killed Sigmund
  1331 | D:2      | Reached skill level 6 in Maces & Flails
  1331 | D:2      | Reached XP level 5. HP: 50/50 MP: 4/4
  1435 | D:2      | Reached XP level 6. HP: 55/57 MP: 5/5
  1761 | D:3      | Noticed Terence
  1782 | D:3      | Killed Terence
  1782 | D:3      | Reached skill level 3 in Armour
  1956 | D:3      | Found a deep blue altar of Sif Muna.
  2057 | D:3      | Reached skill level 4 in Armour
  2549 | D:3      | Found a burning altar of Makhleb.
  2552 | D:3      | Found a glowing silver altar of Zin.
  2552 | D:3      | Noticed an angel
  2553 | D:3      | Noticed a cacodemon
  2689 | D:4      | Reached *** piety under Trog
  2738 | D:4      | Noticed Menkaure
  2749 | D:4      | Killed Menkaure
  2749 | D:4      | Reached skill level 5 in Armour
  2749 | D:4      | Reached XP level 7. HP: 17/63 MP: 6/6
  3071 | D:4      | Reached skill level 6 in Armour
  3150 | D:4      | Found a basalt altar of Yredelemnul.
  3164 | D:4      | Found a white marble altar of Elyvilon.
  3259 | D:4      | Noticed a moth of wrath
  3262 | D:4      | Found a bloodstained altar of Trog.
  3299 | D:4      | Reached skill level 1 in Shields
  3496 | D:5      | Entered Level 5 of the Dungeon
  3630 | D:5      | Noticed Dowan
  3630 | D:5      | Noticed Duvessa
  3640 | D:5      | Reached skill level 2 in Shields
  3646 | D:5      | Killed Duvessa
  3646 | D:5      | Reached skill level 3 in Shields
  3676 | D:5      | Killed Dowan
  3676 | D:5      | Reached skill level 4 in Shields
  3913 | D:5      | Found Wuarokhle's Magic Scroll Shop.
  3922 | D:5      | Bought a scroll of remove curse for 42 gold pieces
  3922 | D:5      | Bought a scroll of identify for 28 gold pieces
  3922 | D:5      | Bought a scroll of identify for 28 gold pieces
  3922 | D:5      | Bought a scroll of identify for 28 gold pieces
  4026 | D:5      | Reached skill level 3 in Dodging
  4142 | D:5      | Reached skill level 4 in Dodging
  4564 | D:5      | Found a staircase to the Ecumenical Temple.
  4608 | Temple   | Entered the Ecumenical Temple
  4667 | D:5      | Reached XP level 8. HP: 60/70 MP: 7/7
  4722 | D:6      | Reached skill level 5 in Dodging
  5028 | D:6      | Reached **** piety under Trog
  5052 | D:6      | Reached skill level 6 in Dodging
  5112 | D:6      | Reached skill level 7 in Fighting
  5471 | D:6      | Reached skill level 8 in Fighting
  5506 | D:6      | Reached skill level 9 in Fighting
  5784 | D:6      | Found a hazy altar of Hepliaklqana.
  5900 | D:6      | Reached skill level 7 in Maces & Flails
  5900 | D:6      | Reached XP level 9. HP: 81/83 MP: 8/8
  6150 | D:7      | Reached skill level 8 in Maces & Flails
  6235 | D:7      | Reached skill level 9 in Maces & Flails
  6253 | D:7      | Found a hide-covered altar of Uskayaw.
  6378 | D:7      | Reached skill level 7 in Armour
  6518 | D:7      | Found an iron altar of Okawaru.
  6823 | D:7      | Reached skill level 8 in Armour
  7134 | D:8      | Reached skill level 9 in Armour
  7149 | D:8      | Noticed a two-headed ogre
  7158 | D:8      | Killed a two-headed ogre
  7158 | D:8      | Reached skill level 7 in Dodging
  7158 | D:8      | Reached XP level 10. HP: 53/91 MP: 9/9
  7449 | D:8      | Reached skill level 8 in Dodging
  7638 | D:8      | Reached ***** piety under Trog
  7747 | D:8      | Found a stormy altar of Qazlal.
  8384 | D:9      | Noticed a deep elf mage
  8393 | D:9      | Killed a deep elf mage
  8393 | D:9      | Reached skill level 9 in Dodging
  8404 | D:9      | Noticed a deep elf mage
  8417 | D:9      | Killed a deep elf mage
  8422 | D:9      | Got a crude hat
  8452 | D:9      | Identified the +1 hat "Ralaank" {rF- MP+9 Int+3 Dex+4} (You found it on level 9 of the Dungeon)
  8695 | D:9      | Reached skill level 10 in Fighting
  8947 | D:9      | Found a shimmering altar of Xom.
  9124 | D:9      | Found a staircase to the Orcish Mines.
  9157 | D:9      | Reached skill level 11 in Fighting
  9211 | D:9      | Reached skill level 12 in Fighting
  9294 | D:9      | Received a gift from Trog
  9316 | D:9      | Reached XP level 11. HP: 71/104 MP: 10/10
  9490 | D:9      | Reached skill level 10 in Maces & Flails
  9675 | D:9      | Got a translucent chain mail
  9686 | D:9      | Identified the +6 chain mail "Doedox" {rF++} (You found it on level 9 of the Dungeon)
  9716 | D:10     | Entered Level 10 of the Dungeon
 10008 | D:10     | Reached skill level 11 in Maces & Flails
 10057 | D:10     | Found an iron altar of Okawaru.
 10138 | D:10     | Found a staircase to the Lair.
 10857 | D:11     | Noticed a white ugly thing
 10862 | D:11     | Killed a white ugly thing
 10908 | D:11     | Reached skill level 12 in Maces & Flails
 10980 | D:11     | Noticed a white ugly thing
 11001 | D:11     | Killed a white ugly thing
 11025 | D:11     | Reached skill level 10 in Armour
 11181 | D:11     | Received a gift from Trog
 11366 | D:11     | Reached ****** piety under Trog
 11642 | D:12     | Noticed an eight-headed hydra
 11648 | D:12     | Killed an eight-headed hydra
 11648 | D:12     | Reached skill level 11 in Armour
 11716 | D:12     | Noticed a two-headed ogre
 11723 | D:12     | Killed a two-headed ogre
 11788 | D:12     | Reached skill level 12 in Armour
 11796 | D:12     | Reached XP level 12. HP: 96/112 MP: 11/11
 11805 | D:12     | Reached skill level 10 in Dodging
 11855 | D:12     | Found an opulent altar of Gozag.
 12106 | D:12     | Noticed a two-headed ogre
 12112 | D:12     | Killed a two-headed ogre
 12383 | D:12     | Reached skill level 11 in Dodging
 12436 | Lair:1   | Entered Level 1 of the Lair of Beasts
 12440 | D:10     | Gained mutation: You are agile. (Dex +2) [potion of mutation]
 12440 | D:10     | Gained mutation: You are somewhat resistant to further mutation. [potion of mutation]
 12444 | Lair:1   | Upgraded the game from 0.20-a0-641-g673355a to 0.20-a0-645-g0ac6e19
 12634 | Lair:1   | Noticed a five-headed hydra
 12640 | Lair:1   | Killed a five-headed hydra
 12640 | Lair:1   | Reached skill level 12 in Dodging
 12719 | Lair:1   | Reached skill level 1 in Throwing
 13178 | Lair:1   | Reached skill level 2 in Throwing
 13190 | Lair:1   | Received a gift from Trog
 13434 | Lair:2   | Found a blossoming altar of Fedhas.
 13474 | Lair:2   | Noticed a seven-headed hydra
 13482 | Lair:2   | Killed a seven-headed hydra
 13482 | Lair:2   | Reached skill level 13 in Fighting
 13497 | Lair:2   | Found a blossoming altar of Fedhas.
 13572 | Lair:2   | Reached skill level 3 in Throwing
 14210 | Lair:3   | Found a staircase to the Swamp.
 14354 | Lair:3   | Noticed a five-headed hydra
 14359 | Lair:3   | Killed a five-headed hydra
 14359 | Lair:3   | Reached skill level 4 in Throwing
 14359 | Lair:3   | Reached XP level 13. HP: 101/123 MP: 12/12
 14378 | Lair:3   | Reached skill level 14 in Fighting
 15276 | Lair:4   | Reached skill level 5 in Throwing
 15282 | Lair:4   | Found a hole to the Spider Nest.
 15308 | Lair:4   | Noticed Nergalle
 15314 | Lair:4   | Killed Nergalle
 16210 | Lair:5   | Reached skill level 15 in Fighting
 16220 | Lair:5   | Received a gift from Trog
 16227 | Lair:5   | Got a shimmering flail
 16228 | Lair:5   | Identified the cursed +1 flail of Evil {protect, +Fly} (You found it on level 5 of the Lair of Beasts)
 16535 | Lair:5   | Reached skill level 6 in Throwing
 16832 | Lair:5   | Reached skill level 13 in Maces & Flails
 17916 | Lair:6   | Entered Level 6 of the Lair of Beasts
 17938 | Lair:6   | Reached skill level 14 in Maces & Flails
 17966 | Lair:6   | Found a dark tunnel.
 18009 | Lair:6   | Found a viscous altar of Jiyva.
 18010 | Lair:6   | Found a staircase to the Slime Pits.
 18364 | Lair:6   | Reached skill level 15 in Maces & Flails
 18454 | Lair:6   | Received a gift from Trog
 18480 | Lair:6   | Reached XP level 14. HP: 62/135 MP: 13/13
 18688 | Lair:6   | Noticed MoronicCinamun's ghost (journeyman MiMo)
 18708 | Lair:6   | Killed MoronicCinamun's ghost
 18708 | Lair:6   | Reached skill level 13 in Armour
 19480 | Lair:6   | Reached skill level 14 in Armour
 20125 | D:13     | Received a gift from Trog
 20127 | D:13     | Reached skill level 15 in Armour
 20284 | D:13     | Found a gate to the Vaults.
 20716 | D:14     | Reached skill level 13 in Dodging
 20770 | D:14     | Found Iuisug's Incredible Inventory.
 20778 | D:14     | Bought a scroll of identify for 20 gold pieces
 21610 | D:15     | Entered Level 15 of the Dungeon
 21629 | D:15     | Found a glowing golden altar of the Shining One.
 21642 | D:15     | Reached skill level 14 in Dodging
 21661 | D:15     | Found Wida Laure's Book Emporium.
 21779 | D:15     | Received a gift from Trog
 21829 | D:15     | Found a blossoming altar of Fedhas.
 21921 | D:15     | Reached XP level 15. HP: 115/141 MP: 14/14
 22135 | D:15     | Found a staircase to the Depths.
 22398 | Orc:1    | Entered Level 1 of the Orcish Mines
 22420 | Orc:1    | Reached skill level 15 in Dodging
 22524 | Orc:1    | Noticed an orc warlord
 22554 | Orc:1    | Killed an orc warlord
 22825 | Orc:2    | Entered Level 2 of the Orcish Mines
 22903 | Orc:2    | Found a staircase to the Elven Halls.
 22911 | Elf:1    | Entered Level 1 of the Elven Halls
 22932 | Orc:2    | Received a gift from Trog
 22967 | Orc:2    | Received a gift from Trog
 23039 | Orc:2    | Found Arifasaxt's Armour Emporium.
 23053 | Orc:2    | Reached skill level 16 in Fighting
 23081 | Orc:2    | Found Sid Jis's Jewellery Boutique.
 23163 | Orc:2    | Found a roughly hewn altar of Beogh.
 23190 | Orc:2    | Noticed Zdeegee's ghost (journeyman MiFi)
 23195 | Orc:2    | Killed Zdeegee's ghost
 23261 | Orc:2    | Found Erphene's Antique Armour Emporium.
 23266 | Orc:2    | Found Godinn's Magic Scroll Boutique.
 23288 | Orc:2    | Bought a pair of gloves for 108 gold pieces
 23658 | Orc:1    | Noticed Fannar
 23666 | Orc:1    | Killed Fannar
 23745 | Orc:1    | Noticed Erica
 23758 | Orc:1    | Killed Erica
 24128 | Orc:2    | Bought a scroll of acquirement for 884 gold pieces
 24128 | Orc:2    | Bought a scroll of enchant armour for 127 gold pieces
 24133 | Orc:2    | Got a heavily runed hat
 24144 | Orc:2    | Identified the +0 hat of Dyspraxia {Str+6 Slay-3} (You acquired it on level 2 of the Orcish Mines)
 24168 | Orc:2    | Received a gift from Trog
 24175 | Orc:2    | Got an encrusted dire flail {god gift}
 24176 | Orc:2    | Identified the +5 dire flail "Oviudil" {freeze, rPois rF+ Stlth+} (Trog gifted it to you on level 2 of the Orcish Mines)
 24379 | Swamp:1  | Entered Level 1 of the Swamp
 24380 | Swamp:1  | Upgraded the game from 0.20-a0-645-g0ac6e19 to 0.20-a0-647-gf178af5
 24397 | Swamp:1  | Reached skill level 17 in Fighting
 25280 | Swamp:2  | Reached skill level 7 in Throwing
 25300 | Swamp:2  | Reached skill level 16 in Armour
 25472 | Swamp:2  | Received a gift from Trog
 25668 | Swamp:2  | Reached XP level 16. HP: 151/155 MP: 15/15
 26145 | Swamp:3  | Reached skill level 8 in Throwing
 26284 | Swamp:3  | Got a fine chain mail
 26325 | Swamp:3  | Identified the +5 chain mail of the Burgomaster {rC+ Str+3} (You found it on level 3 of the Swamp)
 26352 | Swamp:3  | Found a burning altar of Makhleb.
 26460 | Swamp:3  | Noticed a thorn hunter
 26518 | Swamp:3  | HP: 11/155 [thorn hunter/volley of thorns (12)]
 26519 | Swamp:3  | Killed a thorn hunter
 26519 | Swamp:3  | Reached skill level 17 in Armour
 27033 | Swamp:3  | Noticed a thorn hunter
 27040 | Swamp:3  | Killed a thorn hunter
 27051 | Swamp:4  | Entered Level 4 of the Swamp
 27100 | Swamp:4  | Noticed the 27-headed Lernaean hydra
 27119 | Swamp:4  | HP: 21/232 [the 27-headed Lernaean hydra (10)]
 27119 | Swamp:4  | HP: 10/232 [the 27-headed Lernaean hydra (11)]
 27120 | Swamp:4  | Killed the 27-headed Lernaean hydra
 27120 | Swamp:4  | Received a gift from Trog
 27120 | Swamp:4  | Reached skill level 9 in Throwing
 27170 | Swamp:4  | Reached skill level 16 in Dodging
 27223 | Swamp:4  | Noticed a thorn hunter
 27243 | Swamp:4  | Killed a thorn hunter
 27449 | Swamp:4  | Got a decaying rune of Zot
 27615 | Spider:1 | Entered Level 1 of the Spider Nest
 27623 | Spider:1 | Received a gift from Trog
 27729 | Spider:1 | Received a gift from Trog
 27751 | Spider:1 | Reached skill level 10 in Throwing
 27759 | Spider:1 | Noticed Josephine
 27766 | Spider:1 | Killed Josephine
 27849 | Spider:1 | Noticed Agnes
 27859 | Spider:1 | Killed Agnes
 28239 | Spider:2 | Received a gift from Trog
 28295 | Spider:2 | Reached skill level 17 in Dodging
 28419 | Spider:2 | Reached XP level 17. HP: 138/161 MP: 16/16
 28725 | Spider:2 | Received a gift from Trog
 29063 | Spider:3 | Noticed FoghornLeghorn's ghost (adept NaBe)
 29081 | Spider:3 | Killed FoghornLeghorn's ghost
 29081 | Spider:3 | Received a gift from Trog
 29081 | Spider:3 | Reached skill level 11 in Throwing
 29280 | Spider:3 | Received a gift from Trog
 29400 | Spider:3 | Reached skill level 18 in Fighting
 29496 | Spider:3 | Received a gift from Trog
 29769 | Spider:4 | Entered Level 4 of the Spider Nest
 30056 | Spider:4 | HP: 7/166 [disintegration (46)]
 30073 | Spider:4 | Received a gift from Trog
 30115 | Spider:4 | HP: 12/166 [emperor scorpion (6)]
 30125 | Spider:4 | HP: 15/166 [something (7)]
 30140 | Spider:4 | HP: 1/166 [emperor scorpion (24)]
 30140 | Spider:4 | Killed from afar by an electric eel

Vault maps used:
D:1:      erik_arrival_triangle_small, minmay_unequal
D:2:      uniq_sigmund, uniq_robin
D:3:      minmay_roachtagon, grunt_temple_overflow_order_and_chaos_2,
          lemuel_blue_sif_altar, uniq_terence
D:4:      tgw_trog, elyvilon_altar_1, kennysheep_mini_moat, uniq_menkaure
D:5:      minmay_temple_entry_nine_rooms, first_bread, serial_shops,
          shop_scrolls, eino_curves_03, uniq_duvessa
D:6:      cheibrodos_thug_alley, marbit_many_paths, grunt_ministairs_3
D:7:      kennysheep_mini, basic_altar
D:8:      nicolae_qazlal_eye_of_the_storm
D:9:      kennysheep_orc_monster_closet_entryway, basic_altar, grunt_livestock,
          hangedman_minor_magic
D:10:     erik_lair_island, basic_altar, minmay_splitting_lines,
          minmay_misc_feat_enclosed, kennysheep_generic_room_6
D:11:     minmay_tree_intersection, hangedman_tell_no_tales
D:12:     nicolae_gozag_seed_capital
D:13:     erik_vaults_1
D:14:     minmay_holes, nicolae_alphabet_shops, lightli_fourway_metalbox
D:15:     grunt_enter_depths_snipers, minmay_misc_feat_encased, serial_shops,
          nicolae_shop_statue_plus, hangedman_feature_mirror, st_stairs_10,
          minmay_more_statues
Temple:   nicolae_temple_no_exploring_needed
Lair:1:   lemuel_ratsnest, minivault_23
Lair:2:   basic_altar, grunt_forest_small_clearings, tgw_fedhas
Lair:3:   statuecave_lemuel, swamp_mist, beast_lair_carwin_3,
          grunt_megastairs_5, minmay_lair_oklob_chamber
Lair:4:   nicolae_spider_entry_non_spiders, uniq_nergalle
Lair:5:   kennysheep_abandoned_house, grunt_megastairs_2,
          infiniplex_staircase_pool, serial_bayou_shore_a, lemuel_fruit_fields
Lair:6:   hangedman_lair_tendril_chambers, guppyfry_lair_end_dragon,
          slime_altar_1, enter_volcano_1
Swamp:1:  evilmike_swamp_ruin_rubble_2
Swamp:2:  serial_swamp_ruin, evilmike_swamp_ruin_house_3,
          evilmike_swamp_ruin_house_2, infiniplex_staircase_pool_2
Swamp:3:  nicolae_swamp_godswood
Swamp:4:  swamp_old_school
Spider:1: uniq_josephine, uniq_agnes
Spider:3: spider_trap, nicolae_spider_ant_collections
Spider:4: spider_rune_water, uniq_bai_suzhen
Orc:1:    uniq_fannar, uniq_erica
Orc:2:    st_orc_town
Elf:1:    hangedman_staggered_hall, portal_ice_cave_entry_ugly_swarm,
          serial_shops, shop, kennysheep_underground_church

Skill      XL: |  1  2  3  4  5  6  7  8  9 10 11 12 13 14 15 16 17 |
---------------+----------------------------------------------------+-----
Fighting       | 4 5 6 9 12 13 15 17 18 | 18.9
Maces & Flails | 6 7 9 12 15 | 15.0
Armour         | 5 6 9 12 15 16 17 | 17.0
Shields        | 4 |  4.3
Dodging        | 4 6 7 9 12 14 15 17 | 17.0
Throwing       | 4 6 7 10 11 | 11.8

Action                   |  1- 3 |  4- 6 |  7- 9 | 10-12 | 13-15 | 16-18 || total
-------------------------+-------+-------+-------+-------+-------+-------++-------
Melee: Mace              |    63 |   106 |       |       |       |       ||   169
       Headbutt          |     7 |    27 |    68 |   193 |   318 |   230 ||   843
       Flail             |       |    63 |   366 |   476 |       |       ||   905
       Great mace        |       |       |       |   277 |   908 |       ||  1185
       Dire flail        |       |       |       |       |   199 |   753 ||   952
Throw: Stone             |       |       |     1 |       |       |       ||     1
       Tomahawk          |       |       |       |       |     3 |    22 ||    25
Invok: Berserk           |       |     2 |       |     2 |     4 |     4 ||    12
       Burn Spellbooks   |       |       |     1 |     1 |     4 |     2 ||     8
       Trog's Hand       |       |       |       |     1 |     1 |     6 ||     8
       Brothers in Arms  |       |       |       |       |     1 |    10 ||    11
  Use: Scroll            |     2 |    10 |     7 |    10 |    14 |    13 ||    56
       Potion            |       |     1 |       |     1 |     2 |    12 ||    16
 Stab: Confused          |       |       |       |       |     1 |       ||     1
       Distracted        |       |       |       |       |       |     1 ||     1
  Eat: Chunk             |     6 |    13 |    21 |    33 |    32 |    22 ||   127
       Bread ration      |       |       |     1 |       |       |       ||     1
       Royal jelly       |       |       |       |       |     1 |     1 ||     2
Armor: Chain mail        |    40 |    85 |    87 |   202 |   648 |   565 ||  1627
       Plate armour      |       |       |    80 |   124 |       |       ||   204
Dodge: Dodged            |    30 |    62 |   148 |   446 |  1104 |   899 ||  2689
Block: Buckler           |       |    13 |    86 |    86 |       |       ||   185
